 Dungeon Crawl Stone Soup version 0.27-a0-1525-g1038ab4fd7 (webtiles) character file.

Game seed: 4527455051999189188

50 unlimited1921 the Skirmisher (level 3, 0/33 HPs)
             Began as a Minotaur Fighter on July 11, 2021.
             Succumbed to a water moccasin's poison
             ... on level 3 of the Dungeon.
             The game lasted 00:17:25 (2010 turns).

unlimited1921 the Skirmisher (Minotaur Fighter)     Turns: 2010, Time: 00:17:25

Health: 0/33       AC: 15    Str: 20    XL:     3   Next: 55%
Magic:  2/2        EV:  7    Int:  5    God:
Gold:   103        SH:  9    Dex: 10    Spells: 2/2 levels left

rFire    . . .     SeeInvis .   a - +0 long sword
rCold    . . .     Faith    .   c - +0 kite shield
rNeg     . . .     Spirit   .   b - +0 scale mail
rPois    .         Reflect  .   (helmet restricted)
rElec    .         Harm     .   (no cloak)
rCorr    .         Rampage  .   v - +2 pair of gloves
Will     .....                  u - +0 pair of boots
Stlth    ..........             (no amulet)
HPRegen  0.11/turn              h - +4 ring of protection
MPRegen  0.08/turn              (no ring)

@: lethally poisoned (0 -> -1)
A: horns 2, retaliatory headbutt
a: no special abilities


You were on level 3 of the Dungeon.
You visited 1 branch of the dungeon, and saw 3 of its levels.

You collected 129 gold pieces.
You spent 26 gold pieces at shops.

Inventory:

Hand Weapons
 a - a +0 long sword (weapon)
Missiles
 e - 4 stones
 g - 19 arrows
 k - 22 bolts
 p - 6 poisoned darts (quivered)
Armour
 b - a +0 scale mail (worn)
 c - a +0 kite shield (worn)
 t - a +0 chain mail
 u - a +0 pair of boots (worn)
 v - a +2 pair of gloves (worn)
Jewellery
 h - a +4 ring of protection (left hand)
Scrolls
 i - a scroll of blinking
 j - a scroll of teleportation
 n - a scroll of torment
 q - a scroll of identify
 w - a scroll of amnesia
Potions
 d - a potion of might
 l - a potion of ambrosia {unknown}
 o - a potion of cancellation {unknown}
 r - a potion of resistance {unknown}
 s - a potion of curing {unknown}


   Skills:
 + Level 4.2 Fighting
 + Level 3.0 Long Blades
 + Level 4.1 Armour
 + Level 0.7 Stealth
 + Level 4.1 Shields


You had 2 spell levels left.
You didn't know any spells.
Your spell library contained the following spells:

 Spells                   Type           Power      Damage    Failure   Level
 Beastly Appendage        Tmut           0%         N/A       99%         1
 Wereblood                Tmut           0%         N/A       100%        2
 Spider Form              Tmut/Pois      0%         N/A       100%        3


Dungeon Overview and Level Annotations

Branches:
Dungeon (3/15)

Altars:

Shops:
D:2 ?


Innate Abilities, Weirdness & Mutations

You have a pair of horns on your head.
You reflexively headbutt those who attack you in melee.


Message History

The water moccasin bites you.
You are poisoned.
The water moccasin poisons you!
The water moccasin bites you but does no damage.
You are too injured to fight recklessly!
You are too injured to fight recklessly!
Throw: 9 darts (poison)
Press: ? - help, Q - select action, (/) - cycle Shift-Dir - straight line, f - water moccasin
Aim: a water moccasin (almost dead, 38% to hit)
You throw a poisoned dart.
The poisoned dart hits the water moccasin.
The water moccasin is almost dead.
You feel very sick. The water moccasin barely misses you.
You feel sick.
The water moccasin bites you but does no damage.
The water moccasin bites you.
* * * LOW HITPOINT WARNING * * *
* * * LOW HITPOINT WARNING * * *
You feel sick.
Throw: 8 darts (poison)
Press: ? - help, Q - select action, (/) - cycle Shift-Dir - straight line, f/p - water moccasin
Aim: a water moccasin (almost dead, 38% to hit)
You throw a poisoned dart.
The poisoned dart closely misses the water moccasin.
* * * LOW HITPOINT WARNING * * *
You feel sick.
The water moccasin bites you but does no damage.
You block the water moccasin's attack.
Throw: 7 darts (poison)
Press: ? - help, Q - select action, (/) - cycle Shift-Dir - straight line, f/p - water moccasin
Aim: a water moccasin (almost dead, 38% to hit)
You throw a poisoned dart.
The poisoned dart misses the water moccasin.
* * * LOW HITPOINT WARNING * * *
You feel sick. You block the water moccasin's attack.
Blink to where?
Press: ? - help, Dir - move target, f - you, p - water moccasin
Okay, then.
You die...

....... .......
...... ......###
........#
#K###.#### ######
#.#......# #....#
###()(S..#.#
#.##.# #....†@..#
# ##..#.#
#.###.#..#
#<#.#.#
#...#.##.#
..#.#)#######.#.#
.#
###.#.#.......#..
.#
..#.#.#########
## ..#.#.†.#
.##.###.# ##
#.....#


You could see a water moccasin.

Vanquished Creatures
  An adder (D:2)
  3 dart slugs
  An orc (D:3)
  2 ball pythons (D:2)
  5 bats
  3 endoplasms
  2 giant cockroaches (D:1)
  5 goblins
  A hobgoblin (D:1)
  2 quokkas
  3 frilled lizards
  3 kobolds
  A rat (D:3)
32 creatures vanquished.

Notes
Turn   | Place    | Note
-------+----------+-------------------------------------------
     0 | D:1      | unlimited1921 the Minotaur Fighter began the quest for the
                  | Orb.
     0 | D:1      | Reached XP level 1. HP: 19/19 MP: 0/0
   474 | D:1      | Reached XP level 2. HP: 24/27 MP: 1/1
   928 | D:2      | Found Beis's Magic Scroll Emporium.
  1020 | D:2      | Bought a scroll of identify for 26 gold pieces
  1450 | D:2      | Reached XP level 3. HP: 33/33 MP: 2/2
  1980 | D:3      | Noticed a water moccasin
  2009 | D:3      | HP: 1/33 [poisoned by a water moccasin]
  2010 | D:3      | Succumbed to a water moccasin's poison

Illustrated notes

Levels and vault maps discovered:
D:1:      saegor_arrival_simple_b, layout_loops_cross
D:2:      layout_loops_ring, serial_glass, glass_columns_a, glass_columns_a,
          due_unseen_surprise, minmay_strange_pillars, minmay_strange_pillars,
          serial_shops, nicolae_shop_trees
D:3:      layout_basic, ebering_ghost_inner_flame, uniq_grinder

Skill      XL: |  1  2  3 |
---------------+----------+-----
Fighting       | 4 |  4.2
Shields        | 4 |  4.1
Armour         | 4 |  4.1
Long Blades    | 3 |  3.0
Stealth        | |  0.7

Action                   || total
-------------------------++-------
Melee: Long sword        ||    79
       Headbutt          ||    10
Throw: Dart              ||     3
  Use: Scroll            ||     5
       Potion            ||     1
Armor: Scale mail        ||    59
Dodge: Dodged            ||    19
Block: Kite shield       ||    42
       Rpst.: Long sword ||     2

Table legend: (Time is in decaauts)
 A = Elapsed time spent in this place.
 B = Non-inter-level travel time spent in this place.
 C = Inter-level travel time spent in this place.
 D = Time resting spent in this place.
 E = Time spent auto-exploring this place.
 F = Levels seen in this place.
 G = Mean time per level.
                   A        B        C        D        E       F      G
               +--------+--------+--------+--------+--------+-----+--------+
         Total |   2047 |    916 |   1131 |    633 |      0 |   3 |  682.3 |
       Dungeon |   2047 |    916 |   1131 |    633 |      0 |   3 |  682.3 |
               +--------+--------+--------+--------+--------+-----+--------+

Top non-repeatable levels by time:
     D:2: 1084 daAuts
     D:1: 862 daAuts
     D:3: 100 daAuts
